 Dungeon Crawl Stone Soup version 0.24-a0-278-gefa1973 (webtiles) character file.

Game seed: 4383742497895293034

6837 Gorice the Thaumaturge (level 11, -2/84 HPs)
             Began as a Gnoll Wanderer on Apr 28, 2019.
             Was an Elder of Okawaru.
             Killed from afar by Nergalle (27 damage)
             ... with a bolt of negative energy
             ... on level 1 of the Lair of Beasts on Apr 29, 2019.
             The game lasted 00:47:06 (9766 turns).

Gorice the Thaumaturge (Gnoll Wanderer)             Turns: 9766, Time: 00:47:07

Health: -2/84      AC: 20    Str: 15    XL:     11   Next: 5%
Magic:  23/24      EV:  9    Int: 18    God:    Okawaru [****..]
Gold:   413        SH:  0    Dex: 14    Spells: 26/28 levels left

rFire    + . .     SeeInvis .   h - +1 scimitar (flame)
rCold    + . .     Gourm    .   (no shield)
rNeg     . . .     Faith    .   e - +0 plate armour
rPois    .         Spirit   .   i - +1 helmet
rElec    .         Reflect  .   t - scarf {rC+ rF+}
rCorr    .         Harm     .   G - +2 pair of gloves
MR       .....                  (no boots)
Stlth    ..........             p - amulet of rage
HPRegen  0.24/turn              j - ring of wizardry
MPRegen  0.19/turn              (no ring)

@: heroism, drained
A: distributed training, fangs 1, strong nose
a: Heroism, Renounce Religion, Evoke Berserk Rage


You were on level 1 of the Lair of Beasts.
You worshipped Okawaru.
Okawaru was greatly pleased with you.
You were near starving.

You visited 3 branches of the dungeon, and saw 10 of its levels.

You collected 413 gold pieces.

Inventory:

Hand Weapons
 a - a +2 whip of venom
   (You took it off a gnoll on level 2 of the Dungeon)
 b - a +1 hand axe of electrocution
   (You took it off an orc on level 3 of the Dungeon)
 h - a +1 scimitar of flaming (weapon)
   (You took it off Erica on level 8 of the Dungeon)
Missiles
 J - 4 javelins (quivered)
 Y - 299 stones
Armour
 e - a +0 plate armour (worn)
 i - a +1 helmet (worn)
 t - a scarf of resistance (worn)
   (You found it on level 3 of the Dungeon)
 G - a +2 pair of gloves (worn)
Jewellery
 j - a ring of wizardry (left hand)
 p - an amulet of rage (around neck)
Wands
 C - a wand of flame (8)
 D - a wand of polymorph (6)
Scrolls
 d - a scroll of fear {!r}
 v - 2 scrolls of teleportation {!r}
 H - 2 scrolls of remove curse
Potions
 c - 2 potions of lignification {!q}
 g - a potion of haste {!q}
 m - a potion of might {!q}
 o - 2 potions of brilliance {!q}
 u - 3 potions of curing
 w - a potion of resistance {!q}
 A - 3 potions of agility {!q}
 L - 2 potions of heal wounds {!q}
Comestibles
 f - 17 rations


   Skills:
 + Level 7.4(11.4) Fighting
 + Level 5.8(9.7) Short Blades
 + Level 5.8(9.7) Long Blades
 + Level 5.8(9.7) Axes
 + Level 5.8(9.7) Maces & Flails
 + Level 5.8(9.7) Polearms
 + Level 5.8(9.7) Staves
 + Level 5.8(9.7) Slings
 + Level 5.8(9.7) Bows
 + Level 5.8(9.7) Crossbows
 + Level 6.4(10.3) Throwing
 + Level 5.8(9.7) Armour
 + Level 6.4(10.3) Dodging
 + Level 5.8(9.7) Stealth
 + Level 5.8(9.7) Shields
 + Level 5.8(9.7) Unarmed Combat
 + Level 9.3(8.3) Spellcasting
 + Level 4.8(3.9) Conjurations
 + Level 4.8(3.9) Hexes
 + Level 4.8(3.9) Charms
 + Level 4.8(3.9) Summonings
 + Level 4.8(3.9) Necromancy
 + Level 5.3(4.4) Translocations
 + Level 4.8(3.9) Transmutations
 + Level 4.8(3.9) Fire Magic
 + Level 4.8(3.9) Ice Magic
 + Level 5.3(4.4) Air Magic
 + Level 4.8(3.9) Earth Magic
 + Level 4.8(3.9) Poison Magic
 + Level 6.3(5.4) Invocations
 + Level 6.4(5.5) Evocations


You had 26 spell levels left.
You knew the following spells:

 Your Spells              Type           Power        Failure   Level  Hunger
J - Blink                 Tloc           N/A          32%         2    None

Your spell library contained the following spells:

 Spells                   Type           Power        Failure   Level  Hunger
 Animate Skeleton         Necr           N/A          28%         1    None
 Flame Tongue             Conj/Fire      ###..        28%         1    None
 Magic Dart               Conj           ###.         28%         1    None
 Pain                     Necr           ###.         28%         1    None
 Sting                    Conj/Pois      ###.         28%         1    None
 Summon Small Mammal      Summ           ###.         28%         1    None
 Call Imp                 Summ           ###.....     38%         2    None
 Slow                     Hex            ###.....     38%         2    None
 Throw Flame              Conj/Fire      ###...       38%         2    None
 Mephitic Cloud           Conj/Pois/Air  ###.....     58%         3    #......
 Call Canine Familiar     Summ           ###.....     61%         3    #......
 Conjure Flame            Conj/Fire      ###.....     61%         3    #......
 Ignite Poison            Fire/Tmut/Pois ###.....     61%         3    #......
 Inner Flame              Hex/Fire       ###.....     61%         3    #......
 Regeneration             Chrm/Necr      ###.......   61%         3    #......
 Summon Guardian Golem    Hex/Summ       ###.....     61%         3    #......
 Vampiric Draining        Necr           ###.......   61%         3    #......
 Summon Lightning Spire   Summ/Air       ###.....     92%         4    ###....
 Animate Dead             Necr           N/A          94%         4    ###....
 Sticky Flame             Conj/Fire      ###.....     94%         4    ###....
 Summon Ice Beast         Ice/Summ       ###.....     94%         4    ###....
 Fireball                 Conj/Fire      ###.......   100%        5    #####..


Dungeon Overview and Level Annotations

Branches:
Dungeon (8/15)             Temple (1/1) D:5            Lair (1/6) D:8

Altars:
Ashenzari
Cheibriados
Dithmenos
Elyvilon
Fedhas
Gozag
Hepliaklqana
Kikubaaqudgha
Makhleb
Nemelex Xobeh
Okawaru
Qazlal
Ru
Sif Muna
Trog
Uskayaw
Vehumet
Wu Jian
Xom
Yredelemnul
Zin
The Shining One

Shops:
D:5 :

Annotations:
D:4 1 runed translucent door, Pompelm0's ghost, amateur NaAs
D:6 3 runed translucent doors; pUX: passthru, no0bjke's ghost, novice GrFi
D:7 pUX: shafted
D:8 2 transporters
Lair:1 Nergalle


Innate Abilities, Weirdness & Mutations

Your experience applies equally to all skills.
You have very sharp teeth.
Your uncanny sense of smell can sniff out nearby items.


Message History

The three-headed hydra bites you but does no damage. x2
Nergalle points at you and mumbles some strange words.
Orcish apparitions take form around you.
You hack one of the three-headed hydra's heads off!
The flame cauterises the wound!
You slash the two-headed hydra! You burn the two-headed hydra.
The two-headed hydra is severely wounded.
The two-headed hydra bites you but does no damage. x2
Unknown command.
You lop one of the two-headed hydra's heads off!
The flame cauterises the wound!
You slash the one-headed hydra! You burn the one-headed hydra.
The one-headed hydra is almost dead.
The spectral orc warrior hits you from afar with a +0 glaive.
The one-headed hydra bites you.
Damage: 7 (max 15)
You hack the one-headed hydra's last head off!
You kill the one-headed hydra!
Okawaru is honoured by your kill.
You have reached level 11!
The spectral orc warrior hits you but does no damage.
Unknown command.
Unknown command.
Unknown command.
You hit the spectral orc knight. You burn the spectral orc knight.
The spectral orc knight is lightly damaged.
The spectral orc knight hits you but does no damage. x2
Unknown command.
You slash the spectral orc knight! You burn the spectral orc knight.
The spectral orc knight is heavily damaged.
The spectral orc warrior barely misses you.
The spectral orc knight closely misses you.
You hit the spectral orc knight but do no damage.
The spectral orc knight is heavily damaged.
The spectral orc knight hits you.
You feel drained.
The spectral orc warrior hits you from afar with a +0 glaive.
* * * LOW HITPOINT WARNING * * *
Damage: 5 (max 15) Unknown command.
You hit the spectral orc knight. You burn the spectral orc knight.
You bite the spectral orc knight, but do no damage.
The spectral orc knight is heavily damaged.
The spectral orc knight closely misses you.
You riposte.
You hit the spectral orc knight. You burn the spectral orc knight.
The spectral orc knight is severely damaged.
Nergalle points at you and mumbles some strange words.
The bolt of negative energy hits the spectral orc knight.
The spectral orc knight completely resists.
The bolt of negative energy hits you!!
You feel drained.
You die...

..#.#......#.............
##........###............
....................>....
.........................
....##..###รท###.........$
...P######..###..........
.#.## #####...oZ......
.#..##.# ####Z#......
.......# #@#####...
........ ### ## .......#
.......# .......# #.......
........ .......#


You could see Nergalle, a spectral orc warrior and a spectral orc knight.

Vanquished Creatures
  A hydra (Lair:1)
  Erica (D:8)
  A spiny frog (Lair:1)
  A komodo dragon (Lair:1)
  5 blink frogs (Lair:1)
  Sigmund (D:5)
  A basilisk (Lair:1)
  7 yaks
  3 water moccasins
  An ice beast (D:8)
  2 orc warriors (D:8)
  A sky beast (D:7)
  A black bear (D:8)
  A hornet zombie (D:8)
  2 phantoms (D:5)
  3 ogres
  Blork the orc (D:5)
  4 bullfrogs
  A wyvern zombie (D:7)
  3 scorpions
  3 crimson imps
  2 bullfrog zombies (D:5)
  2 jellies
  A centaur skeleton (D:8)
  An orc priest (D:8)
  4 hounds
  3 iguanas
  3 orc wizards
  3 worker ants
  A hound skeleton (D:4)
  2 hound zombies
  A worker ant zombie (D:6)
  Robin (D:2)
  A howler monkey skeleton (D:6)
  4 adders
  4 gnolls (D:2)
  2 oozes
  2 adder skeletons
  2 worms
  3 dart slugs (D:1)
  4 leopard geckos
  11 orcs
  5 giant cockroaches
  11 hobgoblins
  10 jackals
  5 kobolds
  A quokka (D:7)
  4 ball pythons
  7 bats
  7 frilled lizards
  13 goblins
  A jackal skeleton (D:4)
  2 leopard gecko skeletons
  9 rats
  A spectral orc (D:8)
177 creatures vanquished.

Vanquished Creatures (others)
  13 fungi
  5 plants (D:8)
  A withered plant (D:4)
19 creatures vanquished.

Grand Total: 196 creatures vanquished

Notes
Turn   | Place    | Note
-------+----------+-------------------------------------------
     0 | D:1      | Gorice the Gnoll Wanderer began the quest for the Orb.
     0 | D:1      | Gorice set off with the following items: a +2 spear, a
                  | potion of lignification {!q}, a +0 robe, a ration; and the
                  | following spell memorised: Sting; and the following spells
                  | available to memorise: Ignite Poison
     0 | D:1      | Reached XP level 1. HP: 20/20 MP: 8/8
   101 | D:1      | Reached skill level 2 in Translocations
   101 | D:1      | Reached skill level 2 in Air Magic
   147 | D:1      | Reached XP level 2. HP: 25/26 MP: 6/10
   346 | D:1      | Reached XP level 3. HP: 31/31 MP: 6/11
   649 | D:2      | Noticed Robin
   662 | D:2      | Reached skill level 1 in Invocations
   807 | D:2      | Killed Robin
   807 | D:2      | Reached skill level 1 in Short Blades
   807 | D:2      | Reached skill level 1 in Long Blades
   807 | D:2      | Reached skill level 1 in Axes
   807 | D:2      | Reached skill level 1 in Maces & Flails
   807 | D:2      | Reached skill level 1 in Polearms
   807 | D:2      | Reached skill level 1 in Staves
   807 | D:2      | Reached skill level 1 in Slings
   807 | D:2      | Reached skill level 1 in Bows
   807 | D:2      | Reached skill level 1 in Crossbows
   807 | D:2      | Reached skill level 1 in Armour
   807 | D:2      | Reached skill level 1 in Stealth
   807 | D:2      | Reached skill level 1 in Shields
   807 | D:2      | Reached skill level 1 in Unarmed Combat
   810 | D:2      | Reached XP level 4. HP: 20/38 MP: 2/13
  1680 | D:2      | Reached skill level 1 in Conjurations
  1680 | D:2      | Reached skill level 1 in Hexes
  1680 | D:2      | Reached skill level 1 in Charms
  1680 | D:2      | Reached skill level 1 in Summonings
  1680 | D:2      | Reached skill level 1 in Necromancy
  1680 | D:2      | Reached skill level 1 in Transmutations
  1680 | D:2      | Reached skill level 1 in Fire Magic
  1680 | D:2      | Reached skill level 1 in Ice Magic
  1680 | D:2      | Reached skill level 1 in Earth Magic
  1680 | D:2      | Reached skill level 1 in Poison Magic
  1854 | D:2      | Reached XP level 5. HP: 43/43 MP: 8/14
  2050 | D:3      | Reached skill level 3 in Throwing
  2050 | D:3      | Reached skill level 3 in Dodging
  2050 | D:3      | Reached skill level 3 in Evocations
  3019 | D:4      | Reached skill level 2 in Invocations
  3019 | D:4      | Reached XP level 6. HP: 49/50 MP: 16/16
  3212 | D:4      | You fall through a shaft for 3 floors!
  3268 | D:7      | Reached skill level 5 in Fighting
  3268 | D:7      | Reached skill level 2 in Short Blades
  3268 | D:7      | Reached skill level 2 in Long Blades
  3268 | D:7      | Reached skill level 2 in Axes
  3268 | D:7      | Reached skill level 2 in Maces & Flails
  3268 | D:7      | Reached skill level 2 in Polearms
  3268 | D:7      | Reached skill level 2 in Staves
  3268 | D:7      | Reached skill level 2 in Slings
  3268 | D:7      | Reached skill level 2 in Bows
  3268 | D:7      | Reached skill level 2 in Crossbows
  3268 | D:7      | Reached skill level 2 in Armour
  3268 | D:7      | Reached skill level 2 in Stealth
  3268 | D:7      | Reached skill level 2 in Shields
  3268 | D:7      | Reached skill level 2 in Unarmed Combat
  3312 | D:7      | Reached XP level 7. HP: 20/56 MP: 18/18
  3676 | D:7      | Reached skill level 2 in Conjurations
  3676 | D:7      | Reached skill level 2 in Hexes
  3676 | D:7      | Reached skill level 2 in Charms
  3676 | D:7      | Reached skill level 2 in Summonings
  3676 | D:7      | Reached skill level 2 in Necromancy
  3676 | D:7      | Reached skill level 2 in Transmutations
  3676 | D:7      | Reached skill level 2 in Fire Magic
  3676 | D:7      | Reached skill level 2 in Ice Magic
  3676 | D:7      | Reached skill level 2 in Earth Magic
  3676 | D:7      | Reached skill level 2 in Poison Magic
  3976 | D:7      | Reached skill level 3 in Translocations
  3976 | D:7      | Reached skill level 3 in Air Magic
  4084 | D:6      | Learned a level 2 spell: Blink
  4112 | D:6      | Found a runed translucent gate.
  4112 | D:6      | Found a runed translucent gate.
  4112 | D:6      | Found a runed translucent gate.
  4113 | D:6      | Noticed no0bjke's ghost (novice GrFi)
  4133 | D:5      | Entered Level 5 of the Dungeon
  4140 | D:5      | Found Dedoifa's Book Shop.
  4147 | D:5      | Noticed Blork the orc
  4161 | D:5      | Killed Blork the orc
  4165 | D:5      | Reached skill level 3 in Invocations
  4204 | D:5      | HP: 16/56 [ogre/+0 giant spiked club (29)]
  4205 | D:5      | Reached XP level 8. HP: 18/63 MP: 15/19
  4499 | D:5      | Reached skill level 3 in Short Blades
  4499 | D:5      | Reached skill level 3 in Long Blades
  4499 | D:5      | Reached skill level 3 in Axes
  4499 | D:5      | Reached skill level 3 in Maces & Flails
  4499 | D:5      | Reached skill level 3 in Polearms
  4499 | D:5      | Reached skill level 3 in Staves
  4499 | D:5      | Reached skill level 3 in Slings
  4499 | D:5      | Reached skill level 3 in Bows
  4499 | D:5      | Reached skill level 3 in Crossbows
  4499 | D:5      | Reached skill level 4 in Throwing
  4499 | D:5      | Reached skill level 3 in Armour
  4499 | D:5      | Reached skill level 4 in Dodging
  4499 | D:5      | Reached skill level 3 in Stealth
  4499 | D:5      | Reached skill level 3 in Shields
  4499 | D:5      | Reached skill level 3 in Unarmed Combat
  4499 | D:5      | Reached skill level 4 in Evocations
  4501 | D:5      | Found a staircase to the Ecumenical Temple.
  4507 | Temple   | Entered the Ecumenical Temple
  4644 | Temple   | Upgraded the game from 0.24-a0-275-g6f7e2cb to
                  | 0.24-a0-278-gefa1973
  4658 | Temple   | Became a worshipper of Warmaster Okawaru
  4765 | D:5      | Noticed Sigmund
  5005 | D:4      | Found a runed translucent door.
  5005 | D:4      | Noticed Pompelm0's ghost (amateur NaAs)
  5805 | D:5      | Killed Sigmund
  5805 | D:5      | Reached skill level 8 in Spellcasting
  6305 | D:6      | Reached skill level 3 in Conjurations
  6305 | D:6      | Reached skill level 3 in Hexes
  6305 | D:6      | Reached skill level 3 in Charms
  6305 | D:6      | Reached skill level 3 in Summonings
  6305 | D:6      | Reached skill level 3 in Necromancy
  6305 | D:6      | Reached skill level 3 in Transmutations
  6305 | D:6      | Reached skill level 3 in Fire Magic
  6305 | D:6      | Reached skill level 3 in Ice Magic
  6305 | D:6      | Reached skill level 3 in Earth Magic
  6305 | D:6      | Reached skill level 3 in Poison Magic
  6305 | D:6      | Reached skill level 4 in Invocations
  6627 | D:6      | Reached skill level 6 in Fighting
  6627 | D:6      | Reached XP level 9. HP: 63/69 MP: 21/21
  6712 | D:7      | Found a hide-covered altar of Uskayaw.
  7037 | D:7      | Found a burning altar of Makhleb.
  7048 | D:7      | Found a shattered altar of Ashenzari.
  7121 | D:7      | Reached * piety under Okawaru
  7234 | D:8      | Found a shadowy altar of Dithmenos.
  7234 | D:8      | Found a sacrificial altar of Ru.
  7347 | D:8      | Found a white marble altar of Elyvilon.
  7416 | D:8      | Found a basalt altar of Yredelemnul.
  7461 | D:8      | HP: 15/69 [bullfrog (7)]
  7466 | D:8      | HP: 11/69 [bullfrog (5)]
  7469 | D:8      | Reached skill level 4 in Short Blades
  7469 | D:8      | Reached skill level 4 in Long Blades
  7469 | D:8      | Reached skill level 4 in Axes
  7469 | D:8      | Reached skill level 4 in Maces & Flails
  7469 | D:8      | Reached skill level 4 in Polearms
  7469 | D:8      | Reached skill level 4 in Staves
  7469 | D:8      | Reached skill level 4 in Slings
  7469 | D:8      | Reached skill level 4 in Bows
  7469 | D:8      | Reached skill level 4 in Crossbows
  7469 | D:8      | Reached skill level 4 in Armour
  7469 | D:8      | Reached skill level 4 in Stealth
  7469 | D:8      | Reached skill level 4 in Shields
  7469 | D:8      | Reached skill level 4 in Unarmed Combat
  7469 | D:8      | Reached skill level 4 in Translocations
  7469 | D:8      | Reached skill level 4 in Air Magic
  7785 | D:8      | Noticed an orc high priest
  7786 | D:8      | Noticed a kobold demonologist
  7903 | D:8      | Found a transporter.
  7926 | D:8      | Reached skill level 5 in Throwing
  7926 | D:8      | Reached skill level 5 in Dodging
  7926 | D:8      | Reached skill level 5 in Evocations
  8089 | D:8      | Noticed a kobold demonologist
  8126 | D:8      | Found a staircase to the Lair.
  8347 | D:8      | Noticed Erica
  8368 | D:8      | Killed Erica
  8368 | D:8      | Reached ** piety under Okawaru
  8368 | D:8      | Reached skill level 5 in Invocations
  8368 | D:8      | Reached XP level 10. HP: 37/77 MP: 22/22
  8732 | D:8      | Found a stormy altar of Qazlal.
  8827 | D:8      | Found a transporter.
  8932 | Lair:1   | Entered Level 1 of the Lair of Beasts
  8962 | Lair:1   | Reached skill level 4 in Conjurations
  8962 | Lair:1   | Reached skill level 4 in Hexes
  8962 | Lair:1   | Reached skill level 4 in Charms
  8962 | Lair:1   | Reached skill level 4 in Summonings
  8962 | Lair:1   | Reached skill level 4 in Necromancy
  8962 | Lair:1   | Reached skill level 4 in Transmutations
  8962 | Lair:1   | Reached skill level 4 in Fire Magic
  8962 | Lair:1   | Reached skill level 4 in Ice Magic
  8962 | Lair:1   | Reached skill level 4 in Earth Magic
  8962 | Lair:1   | Reached skill level 4 in Poison Magic
  9017 | Lair:1   | HP: 23/77 [blink frog (10)]
  9028 | Lair:1   | Reached skill level 5 in Short Blades
  9028 | Lair:1   | Reached skill level 5 in Long Blades
  9028 | Lair:1   | Reached skill level 5 in Axes
  9028 | Lair:1   | Reached skill level 5 in Maces & Flails
  9028 | Lair:1   | Reached skill level 5 in Polearms
  9028 | Lair:1   | Reached skill level 5 in Staves
  9028 | Lair:1   | Reached skill level 5 in Slings
  9028 | Lair:1   | Reached skill level 5 in Bows
  9028 | Lair:1   | Reached skill level 5 in Crossbows
  9028 | Lair:1   | Reached skill level 5 in Armour
  9028 | Lair:1   | Reached skill level 5 in Stealth
  9028 | Lair:1   | Reached skill level 5 in Shields
  9028 | Lair:1   | Reached skill level 5 in Unarmed Combat
  9030 | Lair:1   | Reached *** piety under Okawaru
  9038 | Lair:1   | HP: 19/77 [blink frog (5)]
  9056 | Lair:1   | HP: 23/77 [blink frog (1)]
  9058 | Lair:1   | Reached skill level 7 in Fighting
  9340 | Lair:1   | Noticed a spiny frog
  9350 | Lair:1   | Killed a spiny frog
  9350 | Lair:1   | Reached skill level 9 in Spellcasting
  9365 | Lair:1   | HP: 22/79 [water moccasin (4)]
  9370 | Lair:1   | Reached skill level 6 in Throwing
  9370 | Lair:1   | Reached skill level 6 in Dodging
  9370 | Lair:1   | Reached skill level 6 in Evocations
  9370 | Lair:1   | HP: 13/79 [poisoned by a water moccasin]
  9456 | Lair:1   | Noticed a seven-headed hydra
  9477 | Lair:1   | Reached skill level 5 in Translocations
  9477 | Lair:1   | Reached skill level 5 in Air Magic
  9710 | Lair:1   | Noticed Nergalle
  9718 | Lair:1   | Reached skill level 6 in Invocations
  9738 | Lair:1   | Reached **** piety under Okawaru
  9762 | Lair:1   | Killed a one-headed hydra
  9762 | Lair:1   | Reached XP level 11. HP: 29/84 MP: 22/24
  9765 | Lair:1   | HP: 25/84 [spectral orc warrior/+0 glaive[Nergalle] (3)]
  9766 | Lair:1   | Killed from afar by Nergalle

Levels and vault maps discovered:
D:1:      mrwooster_arrival_arrow, layout_basic
D:2:      layout_loops_corners, uniq_robin
D:3:      layout_loops_ring
D:4:      layout_loops_corners, gammafunk_ghost_grave, first_ration
D:5:      layout_basic, minmay_temple_entry_hall, kennysheep_windowed_goal,
          uniq_blork_the_orc, uniq_sigmund
D:6:      layout_loops_ring, gammafunk_ghost_necromancy
D:7:      layout_basic, eat_drink_and_be_merry_uskayaw,
          amethyst_overflow_temple_binary
D:8:      gammafunk_wand_slinger, layout_basic, kennysheep_little_box,
          yredelemnul_forgotten_temple_becter, grunt_temple_overflow_open,
          grunt_lair_entry_orc_guard_hut, uniq_erica
Temple:   eino_narrow_crystal_temple
Lair:1:   layout_cave_shapes, chequers_serial_rivers_micro_c,
          eino_small_chamber_without_monster, uniq_nergalle

Skill      XL: |  1  2  3  4  5  6  7  8  9 10 |
---------------+-------------------------------+-----
Translocations | 2 3 4 5 |  5.3
Air Magic      | 2 3 4 5 |  5.3
Invocations    | 1 2 3 4 5 6 |  6.3
Short Blades   | 1 2 3 4 5 |  5.8
Long Blades    | 1 2 3 4 5 |  5.8
Axes           | 1 2 3 4 5 |  5.8
Maces & Flails | 1 2 3 4 5 |  5.8
Polearms       | 1 2 3 4 5 |  5.8
Staves         | 1 2 3 4 5 |  5.8
Slings         | 1 2 3 4 5 |  5.8
Bows           | 1 2 3 4 5 |  5.8
Crossbows      | 1 2 3 4 5 |  5.8
Armour         | 1 2 3 4 5 |  5.8
Stealth        | 1 2 3 4 5 |  5.8
Shields        | 1 2 3 4 5 |  5.8
Unarmed Combat | 1 2 3 4 5 |  5.8
Conjurations   | 1 2 3 4 |  4.8
Hexes          | 1 2 3 4 |  4.8
Charms         | 1 2 3 4 |  4.8
Summonings     | 1 2 3 4 |  4.8
Necromancy     | 1 2 3 4 |  4.8
Transmutations | 1 2 3 4 |  4.8
Fire Magic     | 1 2 3 4 |  4.8
Ice Magic      | 1 2 3 4 |  4.8
Earth Magic    | 1 2 3 4 |  4.8
Poison Magic   | 1 2 3 4 |  4.8
Throwing       | 3 4 5 6 |  6.4
Dodging        | 3 4 5 6 |  6.4
Evocations     | 3 4 5 6 |  6.4
Fighting       | 5 6 7 |  7.4
Spellcasting   | 8 9 |  9.3

Action                   |  1- 3 |  4- 6 |  7- 9 | 10-12 || total
-------------------------+-------+-------+-------+-------++-------
Melee: Spear             |    35 |    37 |       |       ||    72
       Bite              |     4 |     7 |    51 |    14 ||    76
       Whip              |       |    74 |   246 |    19 ||   339
       Punch             |       |     1 |     8 |     1 ||    10
       Hand axe          |       |       |   106 |    98 ||   204
       Scimitar          |       |       |       |    11 ||    11
Throw: Stone             |       |     3 |    19 |       ||    22
       Javelin           |       |       |     7 |    12 ||    19
 Cast: Sting             |    52 |    94 |    12 |       ||   158
Invok: Heroism           |       |       |     5 |     3 ||     8
 Abil: Evoke Berserk Rag |       |       |     2 |       ||     2
  Use: Scroll            |     2 |     8 |     8 |     2 ||    20
       Potion            |       |       |     1 |     1 ||     2
 Stab: Sleeping          |     1 |     1 |     6 |       ||     8
  Eat: Chunk             |       |     7 |    18 |     3 ||    28
Armor: Robe              |     8 |       |       |       ||     8
       Ring mail         |       |    42 |    96 |       ||   138
       Plate armour      |       |       |     8 |    66 ||    74
Dodge: Dodged            |    29 |    70 |   165 |    42 ||   306
       Rpst.: Scimitar   |       |       |       |     2 ||     2

Table legend:
 A = Non-vault XP
 B = Vault XP
 C = Vault XP percentage of total XP
 D = Non-vault monster count
 E = Vault monster count
 F = Vault count percentage of total count
                 A         B        C        D         E       F
            +---------+---------+-------+---------+---------+-------
      Total |    7908 |    1860 |  19.0 |     157 |      20 |  11.3
            +---------+---------+-------+---------+---------+-------
        D:1 |      42 |       2 |   4.5 |      22 |       1 |   4.3
        D:2 |     102 |      32 |  23.9 |      21 |      10 |  32.3
        D:3 |     139 |       0 |   0.0 |      27 |       0 |   0.0
        D:4 |      70 |       0 |   0.0 |       9 |       0 |   0.0
        D:5 |     708 |     317 |  30.9 |      14 |       2 |  12.5
        D:6 |     399 |       0 |   0.0 |      10 |       0 |   0.0
        D:7 |     717 |       0 |   0.0 |      19 |       0 |   0.0
        D:8 |     882 |    1509 |  63.1 |      18 |       7 |  28.0
     Lair:1 |    4849 |       0 |   0.0 |      17 |       0 |   0.0
            +---------+---------+-------+---------+---------+-------

Table legend:
 A = Turns spent in this place as a percentage of turns spent in the entire game.
 B = Non-inter-level travel turns spent in this place as a percentage of non-inter-level travel turns spent in the entire game.
 C = Inter-level travel turns spent in this place as a percentage of turns spent in this place.
 D = Turns resting spent in this place as a percentage of non-inter-level travel turns spent in this place.
 E = Turns spent auto-exploring this place as a percentage of non-inter-level travel turns spent in this place.
 F = Non-inter-level travel turns spent in this place divided by the number of levels of this place that you've seen.
                   A       B       C       D       E      F
               +-------+-------+-------+-------+-------+----------------------
         Total | 100.0 | 100.0 |   2.4 |  28.5 |  39.3 | 953.6
       Dungeon |  89.8 |  89.8 |   2.4 |  25.7 |  41.7 | 1070.4
        Temple |   1.6 |   1.5 |  12.0 |   0.0 |  92.1 | 139.0
          Lair |   8.5 |   8.7 |   0.0 |  62.2 |   6.7 | 834.0
               +-------+-------+-------+-------+-------+----------------------

Levels and vault maps discovered:
D:1:      mrwooster_arrival_arrow, layout_basic
D:2:      layout_loops_corners, uniq_robin
D:3:      layout_loops_ring
D:4:      layout_loops_corners, gammafunk_ghost_grave, first_ration
D:5:      layout_basic, minmay_temple_entry_hall, kennysheep_windowed_goal,
          uniq_blork_the_orc, uniq_sigmund
D:6:      layout_loops_ring, gammafunk_ghost_necromancy
D:7:      layout_basic, eat_drink_and_be_merry_uskayaw,
          amethyst_overflow_temple_binary
D:8:      gammafunk_wand_slinger, layout_basic, kennysheep_little_box,
          yredelemnul_forgotten_temple_becter, grunt_temple_overflow_open,
          grunt_lair_entry_orc_guard_hut, uniq_erica
Temple:   eino_narrow_crystal_temple
Lair:1:   layout_cave_shapes, chequers_serial_rivers_micro_c,
          eino_small_chamber_without_monster, uniq_nergalle
